 Dungeon Crawl Stone Soup version 0.18.1-50-g88ac8fd (webtiles) character file.

13895 Gargoyl the Nimble (level 11, -2/122 HPs)
             Began as a Troll Monk on Oct 9, 2016.
             Was a Follower of Makhleb.
             Slain by an orc knight
             ... wielding a +0 great mace
              (8 damage)
             ... on level 2 of the Orcish Mines.
             The game lasted 00:39:36 (13007 turns).

Gargoyl the Nimble (Troll Monk)                    Turns: 13007, Time: 00:39:36

Health: -2/122     AC:  6    Str: 24    XL:     11   Next: 81%
Magic:  10/10      EV: 21    Int:  6    God:    Makhleb [*.....]
Gold:   881        SH: 10    Dex: 17    Spells: 0 memorised, 10 levels left

rFire  . . .     SeeInvis .       - Unarmed
rCold  . . .     Gourm    +     E - +0 robe "Moymoros" {rElec rCorr Slay+4 Stlth+} (curse)
rNeg   . . .     Faith    .     t - +0 shield (curse)
rPois  .         Spirit   .     (helmet restricted)
rElec  +         Dismiss  .     x - +0 cloak
rCorr  +         Reflect  .     (gloves unavailable)
SustAt .         Harm     .     (boots unavailable)
MR     ++...                    f - amulet of regeneration
Stlth  ++++......               (no ring)
                                c - ring of protection from magic

@: agile, very slightly contaminated, very resistant to hostile enchantments,
stealthy
A: unfitting armour, claws 3, hooves 1, horns 1, fast metabolism 3, gourmand,
magic resistance 1, sense surroundings 1, regeneration 2, robust 1, shaggy fur
1, tough skin 2, evolution 1
a: Renounce Religion


You were on level 2 of the Orcish Mines.
You worshipped Makhleb.
Makhleb was aware of your devotion.
You were very full.

You visited 3 branches of the dungeon, and saw 15 of its levels.
You visited 1 bazaar.

You collected 1467 gold pieces.
You spent 586 gold pieces at shops.

Inventory:

Hand Weapons
 h - a +4 spear of venom
 B - a +4 war axe
Missiles
 m - 22 tomahawks (quivered)
Armour
 t - a cursed +0 shield (worn)
 v - a steam dragon hide
 x - a +0 cloak (worn)
 E - the cursed +0 robe "Moymoros" (worn) {rElec rCorr Slay+4 Stlth+}
   (You bought it in a shop in a bazaar)

   It affects your accuracy and damage with ranged weapons and melee attacks
   (+4).
   It insulates you from electricity.
   It protects you from acid and corrosion.
   It makes you more stealthy.
   It has a curse placed upon it.
Jewellery
 c - a ring of protection from magic (left claw)
 f - an amulet of regeneration (around neck)
 y - the amulet "Akehuank" {Inacc rN++ SInv}
   (You found it on level 9 of the Dungeon)

   [amulet of inaccuracy]

   It reduces the accuracy of all your attacks.
   It greatly protects you from negative energy.
   It lets you see invisible.
Wands
 a - a wand of digging (7/24)
 j - a wand of disintegration (9/24)
 q - a wand of hasting (6/9)
 r - a wand of paralysis (11/24)
 F - a wand of acid (9/15)
Scrolls
 k - 4 scrolls of identify
 n - 3 scrolls of amnesia
Potions
 C - a potion of flight
 D - a potion of haste
Books
 u - a book of Frost

   Spells                             Type                      Level
   a - Freeze                         Ice                          1
   b - Throw Frost                    Conjuration/Ice              2
   c - Ozocubu's Armour               Charms/Ice                   3
   d - Throw Icicle                   Conjuration/Ice              4
   e - Summon Ice Beast               Ice/Summoning                4
 w - a book of Fire

   Spells                             Type                      Level
   a - Ignite Poison                  Fire/Transmutation/Poison    3
   b - Fireball                       Conjuration/Fire             5
   c - Bolt of Fire                   Conjuration/Fire             6
   d - Delayed Fireball               Conjuration/Fire             7
   e - Ring of Flames                 Charms/Fire                  7
 z - a book of the Warp

   Spells                             Type                      Level
   a - Recall                         Summoning/Translocation      3
   b - Gell's Gravitas                Hexes/Translocation          3
   c - Force Lance                    Conjuration/Translocation    4
   d - Warp Weapon                    Charms/Translocation         5
   e - Summon Forest                  Summoning/Translocation      5
 A - a book of Beasts

   Spells                             Type                      Level
   a - Summon Butterflies             Summoning                    1
   b - Call Canine Familiar           Summoning                    3
   c - Summon Ice Beast               Ice/Summoning                4
   d - Summon Mana Viper              Hexes/Summoning              5
   e - Summon Hydra                   Summoning                    7
Comestibles
 b - 11 bread rations
 g - 9 slices of pizza
 i - a beef jerky
 o - 17 fruits
 s - 5 meat rations


   Skills:
 + Level 7.8 Fighting
 + Level 10.7 Dodging
 + Level 3.2 Stealth
 + Level 5.4 Shields
 + Level 9.6 Unarmed Combat
 + Level 1.2 Invocations


You had 10 spell levels left.
You didn't know any spells.

Dungeon Overview and Level Annotations

Branches:
Dungeon (10/15)            Temple (0/1) D:5            Lair (3/8) D:8
  Snake (0/4) Lair:3          Orc (2/2) D:10
  Swamp: Lair:3-6    Shoals: Lair:3-6       Elf: Orc:2

Altars:
Ashenzari
Dithmenos
Elyvilon
Kikubaaqudgha
Makhleb
Okawaru
Pakellas
Ru
Sif Muna
Zin
The Shining One
Beogh

Shops:
D:2 }   D:7 *   Orc:2 !

Annotations:
Lair:1 Gargoyl's ghost, journeyman TrMo
Lair:3 Maud
Orc:2 Azrael; Donald; Snorg


Innate Abilities, Weirdness & Mutations

You are too large for most types of armour.
You have claws for hands.
Your metabolism is lightning-fast.
You like to eat raw meat.
You heal very quickly.
You are covered in fur (AC +1).
You have very tough skin (AC +2).
You have large cloven feet.
You have a pair of small horns on your head.
You are resistant to hostile enchantments.
You passively map a small area around you.
You are robust (+10% HP).
You evolve.


Message History

The orc wizard misses you. The orc wizard completely misses you.
You feel a genetic drift.
You no longer feel cold resistant.
You closely miss the orc knight.
You kick the orc knight, but do no damage.
The orc knight is almost dead.
The orc wizard hits you with a dagger.
* * * LOW HITPOINT WARNING * * *
The orc knight hits you with a great mace.
* * * LOW HITPOINT WARNING * * *
You block the orc wizard's attack.
You claw the orc knight!
Elyvilon heals the orc knight.
You headbutt the orc knight, but do no damage.
The orc knight is almost dead.
You block the orc wizard's attack.
The orc wizard gestures wildly while chanting.
The orc wizard blinks!
The orc knight hits you with a great mace!
You die...

##.#......
#....#....
##........
#####...$...
##.#.†.......
#...o..#.....
######......#....
##§.#.#..$....#...
#@oo....o.........
##o...........$...
###.#....._....#.
#####..........
##......###
########


You could see an orc knight, 2 orc wizards and an orc.

Vanquished Creatures
  An orc high priest (Orc:2)
  An orc sorcerer (Orc:2)
  A deep elf mage (Orc:2)
  A cyclops (Orc:2)
  Maurice (D:8)
  2 komodo dragons
  4 trolls
  4 blink frogs (Lair:2)
  5 yaks (Lair:2)
  A human (D:8)
  A wraith (D:10)
  A steam dragon (D:9)
  2 hippogriffs (Lair:3)
  2 hungry ghosts
  5 wargs
  Menkaure (D:4)
  4 water moccasins
  3 nagas (Lair:3)
  12 orc warriors
  4 porcupines
  4 sky beasts
  2 phantoms
  2 ice beasts (D:9)
  A wasp (D:7)
  A black bear (D:9)
  7 ogres
  A wolf (D:8)
  2 centaurs
  2 crocodiles (Lair:2)
  A big kobold (D:4)
  6 giant frogs
  Blork the orc (D:8)
  A scorpion (D:9)
  The ghost of Nukefarmer the Sneak, a weakling NaAs (D:3)
  6 killer bees (D:8)
  An electric eel (D:8)
  3 howler monkeys
  5 crimson imps
  2 centaur zombies
  A wasp zombie (D:7)
  A giant frog zombie (D:9)
  10 orc priests
  10 hounds
  5 jellies
  2 giant frog skeletons
  13 orc wizards
  2 centaur skeletons
  Terence (D:2)
  2 iguanas
  6 worker ants
  2 sheep (Orc:2)
  A worker ant zombie (D:8)
  A howler monkey zombie (D:6)
  12 adders
  14 river rats
  A shadow imp (D:10)
  2 oozes (D:1)
  2 adder zombies
  2 adder skeletons
  2 worms
  2 dart slugs
  3 giant geckos
  39 orcs
  2 ball pythons
  7 giant cockroaches
  5 goblins
  6 hobgoblins
  10 jackals
  8 quokkas
  5 bats
  A giant gecko skeleton (D:5)
  6 giant newts
  A jackal zombie (D:5)
  8 kobolds
  6 rats
306 creatures vanquished.

Vanquished Creatures (others)
  An orc (Orc:2)
  A fungus (Lair:1)
2 creatures vanquished.

Grand Total: 308 creatures vanquished

Notes
Turn   | Place    | Note
--------------------------------------------------------------
     0 | D:1      | Gargoyl the Troll Monk began the quest for the Orb.
     0 | D:1      | Reached XP level 1. HP: 22/22 MP: 0/0
   126 | D:1      | Reached XP level 2. HP: 29/29 MP: 1/1
   940 | D:2      | Reached XP level 3. HP: 36/36 MP: 2/2
  1010 | D:2      | Found a shattered altar of Ashenzari.
  1147 | D:2      | Noticed Terence
  1158 | D:2      | Killed Terence
  1158 | D:2      | Reached skill level 3 in Dodging
  1158 | D:2      | Reached XP level 4. HP: 29/44 MP: 3/3
  1455 | D:2      | Found an oddly glowing altar of Pakellas.
  1455 | D:2      | Found Pakellas's Prime Provisions.
  1613 | D:2      | Found a shadowy altar of Dithmenos.
  1682 | D:3      | Noticed Nukefarmer's ghost (weakling NaAs)
  1697 | D:3      | Killed Nukefarmer's ghost
  1697 | D:3      | Reached XP level 5. HP: 41/53 MP: 4/4
  2091 | D:3      | Found a sacrificial altar of Ru.
  2272 | D:4      | Noticed a hungry ghost
  2281 | D:4      | Killed a hungry ghost
  2281 | D:4      | Reached skill level 4 in Dodging
  2281 | D:4      | Reached skill level 5 in Unarmed Combat
  2281 | D:4      | Reached XP level 6. HP: 60/61 MP: 5/5
  2380 | D:4      | Noticed Menkaure
  2387 | D:4      | HP: 3/61 [Menkaure (3)]
  2391 | D:4      | Killed Menkaure
  2491 | D:4      | Reached XP level 7. HP: 28/67 MP: 6/6
  2618 | D:4      | Reached skill level 5 in Dodging
  3292 | D:5      | Entered Level 5 of the Dungeon
  3299 | D:5      | Found a staircase to the Ecumenical Temple.
  3332 | D:5      | Found a white marble altar of Elyvilon.
  3374 | D:5      | Became a worshipper of Elyvilon the Healer
  3374 | D:5      | Reached * piety under Elyvilon
  3374 | D:5      | Reached ** piety under Elyvilon
  3425 | D:5      | Found an ancient bone altar of Kikubaaqudgha.
  3561 | D:5      | Reached XP level 8. HP: 78/79 MP: 4/7
  3660 | D:5      | Found a burning altar of Makhleb.
  3859 | D:5      | Gained mutation: You evolve. [mutagenic meat]
  3861 | D:5      | Gained mutation: Your mind is acute. (Int +2) [mutagenic meat]
  3862 | D:5      | Gained mutation: You are resistant to hostile enchantments. [mutagenic meat]
  3963 | D:6      | Found a glowing golden altar of the Shining One.
  3991 | D:6      | Gained mutation: You are frail (-10% HP). [evolution]
  4320 | D:6      | Reached skill level 6 in Dodging
  4321 | D:6      | Found a glowing silver altar of Zin.
  4388 | D:6      | Found an iron altar of Okawaru.
  4684 | D:7      | Found Hacusser's Assorted Antiques.
  5093 | D:7      | Lost mutation: Your mind is acute. (Int +2) [evolution]
  5288 | D:7      | Reached skill level 1 in Shields
  5318 | D:7      | Reached skill level 5 in Fighting
  5457 | D:8      | Noticed Maurice
  5571 | D:8      | Reached XP level 9. HP: 48/79 MP: 8/8
  5624 | D:8      | Killed Maurice
  5624 | D:8      | Reached skill level 7 in Dodging
  5677 | D:8      | Reached *** piety under Elyvilon
  5856 | D:8      | Found a staircase to the Lair.
  5956 | D:8      | Noticed Blork the orc
  5975 | D:8      | Killed Blork the orc
  6201 | D:8      | Noticed a troll
  6212 | D:8      | HP: 2/79 [troll (10)]
  6213 | D:8      | Killed a troll
  6472 | D:8      | Reached skill level 8 in Dodging
  6808 | D:8      | Found a sacrificial altar of Ru.
  7159 | D:8      | Found a deep blue altar of Sif Muna.
  7218 | D:8      | Gained mutation: You tend to lose your temper in combat. [mutagenic meat]
  7219 | D:8      | Lost mutation: You are frail (-10% HP). [mutagenic meat]
  7220 | D:8      | Lost mutation: You tend to lose your temper in combat. [mutagenic meat]
  7222 | D:8      | Gained mutation: You passively map a small area around you. [mutagenic meat]
  7261 | D:9      | Reached XP level 10. HP: 73/98 MP: 9/9
  7612 | D:9      | Gained mutation: You have large cloven feet. [mutagenic meat]
  7614 | D:9      | Gained mutation: Your flesh is cold resistant. [mutagenic meat]
  7779 | D:9      | Reached **** piety under Elyvilon
  7928 | D:9      | Got a vibrating emerald amulet
  7929 | D:9      | Identified the amulet "Akehuank" {Inacc rN++ SInv} (You found it on level 9 of the Dungeon)
  8188 | D:10     | Entered Level 10 of the Dungeon
  8833 | D:10     | Gained mutation: You are robust (+10% HP). [evolution]
  8916 | D:10     | Found a staircase to the Orcish Mines.
  9043 | D:10     | Reached skill level 9 in Dodging
  9043 | D:10     | Reached skill level 1 in Invocations
  9044 | D:10     | Was placed under penance by Elyvilon
  9142 | D:10     | Was forgiven by Elyvilon
  9337 | Lair:1   | Entered Level 1 of the Lair of Beasts
  9407 | Lair:1   | Noticed Gargoyl's ghost (journeyman TrMo)
  9686 | Lair:1   | Gained mutation: You have a pair of small horns on your head. [potion of beneficial mutation]
 10107 | Lair:2   | Reached XP level 11. HP: 24/117 MP: 10/10
 10582 | Lair:3   | Found a staircase to the Snake Pit.
 10591 | Lair:3   | Reached skill level 10 in Dodging
 10595 | Lair:3   | Was placed under penance by Elyvilon
 10767 | Lair:3   | Noticed Maud
 11078 | D:5      | Fell from the grace of Elyvilon
 11078 | D:5      | Became a worshipper of Makhleb the Destroyer
 11300 | Orc:1    | Entered Level 1 of the Orcish Mines
 11303 | Orc:1    | Noticed an orc warlord
 11787 | D:10     | Reached skill level 5 in Shields
 12089 | Orc:1    | Reached * piety under Makhleb
 12543 | Orc:2    | Entered Level 2 of the Orcish Mines
 12561 | Orc:2    | Noticed an orc sorcerer
 12572 | Orc:2    | Killed an orc sorcerer
 12603 | Orc:2    | Noticed a deep elf mage
 12615 | Orc:2    | Killed a deep elf mage
 12676 | Orc:2    | Noticed Donald
 12677 | Orc:2    | Noticed Azrael
 12684 | Orc:2    | Found a flickering gateway to a bazaar.
 12687 | Bazaar   | Entered a bazaar
 12687 | Bazaar   | Found Osi Ryuf's Weapon Shoppe.
 12771 | Bazaar   | Found Vegaal's Distillery.
 12791 | Bazaar   | Found Cituwadgh's Armour Boutique.
 12795 | Bazaar   | Found Dedussith's Antique Weapon Boutique.
 12799 | Bazaar   | Bought the cursed +0 robe "Moymoros" {rElec rCorr Slay+4 Stlth+} for 369 gold pieces
 12813 | Bazaar   | Found Xetuol's Assorted Antiques.
 12823 | Bazaar   | Bought a scroll of enchant weapon for 217 gold pieces
 12872 | Orc:2    | Found Emuges's Distillery.
 12878 | Orc:2    | Noticed an orc sorcerer
 12880 | Orc:2    | Noticed an orc high priest
 12890 | Orc:2    | Noticed an orc knight
 12899 | Orc:2    | Killed an orc high priest
 12932 | Orc:2    | Noticed Snorg
 12938 | Orc:2    | Noticed an orc knight
 12976 | Orc:2    | Found a roughly hewn altar of Beogh.
 13005 | Orc:2    | Lost mutation: Your flesh is cold resistant. [evolution]
 13006 | Orc:2    | HP: 5/122 [orc knight/great mace (5)]
 13007 | Orc:2    | Slain by an orc knight

Skill      XL: |  1  2  3  4  5  6  7  8  9 10 11 |
---------------+----------------------------------+-----
Dodging        | 3 4 5 6 8 9 10 | 10.7
Fighting       | 3 4 5 6 7 |  7.8
Unarmed Combat | 5 6 7 8 9 |  9.6
Stealth        | 2 3 |  3.2
Shields        | 1 3 4 5 |  5.4
Invocations    | 1 |  1.2

Action                   |  1- 3 |  4- 6 |  7- 9 | 10-12 || total
-------------------------+-------+-------+-------+-------++-------
Melee: Unarmed           |    81 |   108 |   458 |   585 ||  1232
       Punch             |       |     1 |       |       ||     1
       Kick              |       |       |       |   170 ||   170
       Headbutt          |       |       |       |    79 ||    79
Invok: Heal Other        |       |       |     3 |       ||     3
       Divine Protection |       |       |     1 |     3 ||     4
       Purification      |       |       |     1 |       ||     1
       Greater Healing   |       |       |       |     3 ||     3
       Lesser Healing    |       |       |       |     1 ||     1
Evoke: Wand              |       |       |       |     1 ||     1
  Use: Scroll            |     3 |     3 |     7 |    21 ||    34
       Potion            |       |     5 |     2 |     9 ||    16
 Stab: Sleeping          |       |       |       |     1 ||     1
       Distracted        |       |       |       |     1 ||     1
  Eat: Chunk             |     9 |    11 |    52 |    55 ||   127
       Pizza             |     1 |       |       |       ||     1
       Royal jelly       |     1 |       |     1 |       ||     2
       Bread ration      |       |       |     1 |     2 ||     3
       Beef jerky        |       |       |       |     1 ||     1
Armor: Robe              |    31 |    56 |   143 |    12 ||   242
       Skin              |       |     1 |       |       ||     1
       Steam dragon hide |       |       |       |    82 ||    82
Dodge: Dodged            |    48 |    68 |   229 |   307 ||   652
Block: Shield            |       |       |   148 |   303 ||   451
